Map: Moonlight Madness LE (Void)

Players

EverZtelecoM (telecom) - Winner!

  • Race: Protoss Protoss
  • League: Platinum

Whack

  • Race: Protoss Protoss
  • League: Platinum

VOD

Have the link to the VOD?

Description

Time

  • Played on: Sept. 27, 2015, 9:45 p.m.
  • Length: 6:23
Show
View Real Time Build Order
Export as new Build Order

EverZtelecoM Protoss - Winner!

Build Orders: Phoenix Opening 

Get SALT Encoding   

  12  0:00  Probe (Chrono Boost)  
  13  0:10  Probe (Chrono Boost)  
  14  0:17  Pylon  
  14  0:22  Probe (Chrono Boost)  
  15  0:35  Probe (Chrono Boost)  
  16  0:38  Gateway  
  16  0:45  Probe (Chrono Boost)  
  16  0:48  Assimilator  
  17  0:55  Probe (Chrono Boost)  
  18  1:02  Assimilator  
  18  1:05  Probe (Chrono Boost)  
  18  1:07  Assimilator  
  19  1:15  Probe (Chrono Boost)  
  20  1:21  Pylon  
  20  1:24  Probe (Chrono Boost)  
  21  1:32  Cybernetics Core  
  21  1:36  Probe (Chrono Boost)  
  22  1:46  Probe (Chrono Boost)  
  23  1:56  Probe (Chrono Boost)  
  24  2:01  Pylon  
  24  2:05  Warp Gate (Chrono Boost)  
  24  2:09  Mothership Core (Chrono Boost)  
  24  2:11  Adept  
  28  2:26  Probe (Chrono Boost)  
  28  2:35  Stargate  
  28  2:37  Forge  
  28  2:42  Probe (Chrono Boost)  
  29  2:45  Zealot  
  31  2:55  Pylon  
  31  2:57  Probe  
  32  3:16  Photon Cannon  
  32  3:18  Phoenix (Chrono Boost)  
  34  3:24  Photon Cannon  
  34  3:39  Probe  
  34  3:41  Phoenix (Chrono Boost)  
  35  3:47  Photon Cannon  
  37  3:55  Gateway  
  37  4:01  Phoenix (Chrono Boost)  
  39  4:07  Probe  
  40  4:21  Sentry  
  42  4:24  Phoenix (Chrono Boost)  
  44  4:32  Pylon  
  44  4:34  Pylon  
  44  4:37  Probe  
  45  4:51  Phoenix (Chrono Boost)  
  47  5:00  Adept  
  47  5:01  Adept  
  51  5:07  Pylon  
  51  5:12  Probe, Phoenix (Chrono Boost)  
  54  5:45  Adept x2  
  54  5:47  Phoenix (Chrono Boost)  
  59  6:02  Pylon  
  59  6:10  Adept x2  
Show
View Real Time Build Order
Export as new Build Order

Whack Protoss 

Build Orders:  

Get SALT Encoding   

  12  0:01  Probe (Chrono Boost)  
  13  0:14  Pylon  
  13  0:16  Probe (Chrono Boost)  
  14  0:26  Probe (Chrono Boost)  
  15  0:33  Gateway  
  15  0:37  Probe (Chrono Boost)  
  16  0:44  Assimilator  
  16  0:58  Probe (Chrono Boost)  
  17  1:07  Probe (Chrono Boost)  
  18  1:16  Pylon  
  18  1:17  Probe (Chrono Boost)  
  19  1:20  Zealot (Chrono Boost)  
  19  1:25  Cybernetics Core  
  21  1:31  Probe  
  22  1:47  Zealot (Chrono Boost)  
  22  1:49  Probe  
  25  2:01  Warp Gate (Chrono Boost)  
  25  2:11  Stalker (Chrono Boost)  
  27  2:34  Gateway  
  27  2:35  Gateway  
  27  2:40  Gateway  
  27  2:41  Gateway  
  27  3:00  Probe  
  28  3:06  Pylon  
  28  3:21  Pylon  
  28  3:28  Pylon  
  28  3:38  Mothership Core  
  30  3:44  Pylon  
  30  3:56  Stalker  
  30  3:57  Sentry  
  30  3:58  Sentry  
  36  4:02  Zealot x2  
  39  4:25  Stalker  
  39  4:27  Zealot  
  39  4:28  Zealot  
  45  4:33  Assimilator  
  45  4:44  Stalker  
  47  4:56  Stalker  
  49  5:10  Nexus, Pylon  
  48  5:20  Stalker  
  39  5:42  Stalker  
  37  5:43  Stalker  
  37  5:49  Adept x2  
  39  6:11  Adept x2  
Tags
 
Add a new tag
Caveats
  • Supply blocks, unpowered buildings, or Contaminate may cause inaccurate times.
  • Supply counts are checked every 10 seconds.